 Dungeon Crawl Stone Soup version 0.30-a0-672-gc3a7216ad8 (webtiles) character file.

Game seed: 10114863187301106974

23 drugrobin the Sneak (level 2, -2/25 HPs)
             Began as a Demigod Delver on Jan 19, 2023.
             Slain by an ogre
             ... wielding a +0 giant club
              (27 damage)
             ... on level 5 of the Dungeon.
             The game lasted 00:01:52 (313 turns).

drugrobin the Sneak (Demigod Delver)                 Turns: 313, Time: 00:01:53

Health: -2/25      AC:  3    Str: 13    XL:     2   Next: 54%
Magic:  4/4        EV: 11    Int: 12    God:
Gold:   0          SH:  0    Dex: 15    Spells: 1/1 levels left

rFire   . . .      SeeInvis .      - Unarmed
rCold   . . .      Faith    .    (no shield)
rNeg    . . .      Spirit   .    a - +0 leather armour
rPois   .          Reflect  .    (no helmet)
rElec   .          Harm     .    (no cloak)
rCorr   .          Rampage  .    (no gloves)
Will    .....                    (no boots)
Stlth   +++                      (no amulet)
HPRegen 0.24/turn                (no ring)
MPRegen 0.09/turn                (no ring)

@: no status effects
A: high MP 1, forlorn, divine attributes
a: no special abilities


You were on level 5 of the Dungeon.
You visited 1 branch of the dungeon, and saw 3 of its levels.

Inventory:

Hand Weapons
 i - a +0 short sword
Missiles
 h - 10 stones (quivered)
Armour
 a - a +0 leather armour (worn)
Wands
 f - a wand of digging (2)
Scrolls
 b - a scroll of fog
 c - a scroll of immolation {unknown}
 d - a scroll of fear
 k - a scroll of amnesia {unknown}
 l - a scroll of identify {unknown}
Potions
 e - a potion of haste
 j - a potion of curing {unknown}


   Skills:
 - Level 2.6 Fighting
 - Level 1.7 Dodging
 - Level 4.5 Stealth
 + Level 3.0 Unarmed Combat


You had one spell level left.
You didn't know any spells.
Your spell library was empty.

Dungeon Overview and Level Annotations

Branches:
Dungeon (5/15)
 Temple: D:4-7

Annotations:
D:4 3 runed translucent doors, lunkers's ghost, amateur MeBe


Innate Abilities, Weirdness & Mutations

You have an increased reservoir of magic. (+10% MP)
You shall have no god before yourself.
Your divine heritage dramatically boosts your attributes as you level up.


Message History

The shadow imp is severely wounded.
The shadow imp gestures at you.
You barely resist. You closely miss the shadow imp.
The shadow imp is severely wounded.
The shadow imp misses you.
You hit the shadow imp.
You kill the shadow imp!
Your Unarmed Combat skill increases to level 3!
Unknown command.
Found 7 stones.
h - 11 stones (gained 7)
You hear the slow rusting of a very distant drain.
Found a book of Frost.
You hear the rusting of a distant drain.
HP restored.
An ogre comes into view. It is wielding a +0 giant club.
Unknown command.
Unknown command.
Unknown command.
Okay, then.
Unknown command.
Throw: boomerang
Press: ? - help, Q - select action, (/) - cycle Shift-Dir - straight line, f - ogre
Aim: an ogre, wielding a +0 giant club (asleep, 98% to hit)
You throw a boomerang.
The boomerang hits the ogre but does no damage.
The ogre shouts!
Unknown command.
Throw: 11 stones
Press: ? - help, Q - select action Shift-Dir - straight line, f/p - ogre
Aim: an ogre, wielding a +0 giant club (74% to hit)
You throw a stone. The stone barely misses the ogre.
Unknown command.
Okay, then.
The ogre closely misses you. The ogre attacks as you move away!
The ogre hits you with a +0 giant club!!
Ouch! That really hurt!
You die...

##....############
#.....# #....##
##....#####
#........####
#...........#
#.[.......<.#
#...)..##...#
#...@.####.##
#...O## ### #....#
#....# ##....#
#.....# ##.....#
#####.....##
##........##


You could see an ogre.

Vanquished Creatures
  An adder (D:4)
  A shadow imp (D:5)
  An orc (D:5)
  2 ball pythons (D:4)
  A kobold (D:4)
6 creatures vanquished.

Notes
Turn   | Place    | Note
-------+----------+-------------------------------------------
     0 | D:5      | drugrobin the Demigod Delver began the quest for the Orb.
     0 | D:5      | Reached XP level 1. HP: 18/18 MP: 3/3
     8 | D:5      | Noticed a hound
    79 | D:3      | Noticed an orc wizard
    98 | D:4      | Reached XP level 2. HP: 17/25 MP: 4/4
    98 | D:4      | Found a runed translucent gate.
    98 | D:4      | Found a runed translucent gate.
    99 | D:4      | Found a runed translucent gate.
   106 | D:4      | Noticed lunkers's ghost (amateur MeBe)
   278 | D:5      | Noticed an ogre
   313 | D:5      | Slain by an ogre

Illustrated notes

Levels and vault maps discovered:
D:3:      layout_loops_ring, mainiacjoe_overflow_boulevard,
          lemuel_coloured_pillars_altar, mainiacjoe_overflow_alcove_4,
          minmay_randomly_rotated_circles
D:4:      layout_gridville, ebering_ghost_gozag, hangedman_decor_points,
          uniq_eustachio
D:5:      gammafunk_steamed_eel, layout_layer_cave, lemuel_temple_firewalk_b,
          gup_sewer_entry_glass

Skill      XL: |  1  2 |
---------------+-------+-----
Unarmed Combat | 2 3 |  3.0
Fighting       | |  2.6
Dodging        | |  1.7
Stealth        | |  4.5

Action                   || total
-------------------------++-------
Melee: Unarmed           ||    41
       Punch             ||     1
Throw: Boomerang         ||     7
       Stone             ||     1
Evoke: Wand              ||     1
  Use: Scroll            ||     1
 Stab: Sleeping          ||     3
Armor: Leather armour    ||     5
Dodge: Dodged            ||    17

Table legend: (Time is in decaauts)
 A = Elapsed time spent in this place.
 B = Non-inter-level travel time spent in this place.
 C = Inter-level travel time spent in this place.
 D = Time resting spent in this place.
 E = Time spent auto-exploring this place.
 F = Levels seen in this place.
 G = Mean time per level.
                   A        B        C        D        E       F      G
               +--------+--------+--------+--------+--------+-----+--------+
         Total |    311 |    311 |      0 |      0 |     78 |   3 |  103.7 |
       Dungeon |    311 |    311 |      0 |      0 |     78 |   3 |  103.7 |
               +--------+--------+--------+--------+--------+-----+--------+

Top non-repeatable levels by time:
     D:5: 205 daAuts
     D:4: 81 daAuts
     D:3: 25 daAuts
